 Dungeon Crawl Stone Soup version 0.31-a0-986-g5e6e4ef867 (webtiles) character file.

Game seed: 13350290041377264615

497 Persephone the Ruffian (level 6, 0/59 HPs)
             Began as a Troll Shapeshifter on Nov 7, 2023.
             Slain by an orc
             ... wielding a +0 hand axe
              (3 damage)
             ... on level 5 of the Dungeon.
             The game lasted 00:03:31 (2972 turns).

Persephone the Ruffian (Troll Shapeshifter)         Turns: 2972, Time: 00:03:31

Health: 0/59       AC:  4    Str: 25    XL:     6   Next: 93%
Magic:  5/5        EV:  9    Int:  6    God:
Gold:   267        SH:  0    Dex:  9    Spells: 5/5 levels left

rFire   . .          .
                       - Unarmed
rCold   . . .        (no shield)
rNeg    . . .        a - +0 animal skin
rPois   .            (helmet currently unavailable)
rElec   .            (cloak currently unavailable)
rCorr   .            (gloves unavailable)
SInv    .            (boots unavailable)
Will    .....        (no amulet)
Stlth   +            (no ring)
HPRegen 1.09/turn    (no ring)
MPRegen 0.09/turn

%: no passive effects
@: beast-form
A: beast (slay +2), large, unfitting armour, claws 3, regeneration 1, shaggy fur
1, tough skin 1
a: Begin Untransformation


You were on level 5 of the Dungeon.
You were a hulking beast.
You visited 1 branch of the dungeon, and saw 6 of its levels.
You also visited: Sewer.

You collected 267 gold pieces.

Inventory:

Armour
 a - a +0 animal skin (worn)
Jewellery
 k - a ring of wizardry
 n - the ring of Vulyd {rElec Dex+6 SInv}
   (You found it on level 2 of the Dungeon)

   [ring of dexterity]

   Dex+6:     It affects your dexterity (+6).
   rElec:     It insulates you from electricity.
   SInv:      It lets you see invisible.
Talismans
 c - a beast talisman
 d - a flux talisman
Scrolls
 e - a scroll of revelation {unknown}
 f - a scroll of amnesia {unknown}
 g - 3 scrolls of immolation {unknown}
 j - 2 scrolls of enchant weapon {unknown}
 l - 4 scrolls of enchant armour {unknown}
 p - a scroll of torment {unknown}
 q - a scroll of summoning {unknown}
 s - a scroll of teleportation {unknown}
Potions
 b - 2 potions of lignification
 h - a potion of mutation {unknown}
 i - 3 potions of haste {unknown}
 m - a potion of berserk rage {unknown}
 o - 3 potions of enlightenment {unknown}
 r - 2 potions of degeneration {unknown}
 t - a potion of might {unknown}


   Skills:
 + Level 2.9 Fighting
 - Level 1.5 Dodging
 * Level 5.9 Unarmed Combat
 + Level 4.4 Shapeshifting


You had 5 spell levels left.
You didn't know any spells.
Your spell library contained the following spells:

 Spells                   Type           Power      Damage    Failure   Level
 Ensorcelled Hibernation  Hex/Ice        0%         N/A       58%         2
 Jinxbite                 Hex            0%         N/A       58%         2
 Anguish                  Hex/Necr       0%         N/A       99%         4


Dungeon Overview and Level Annotations

Branches:
Dungeon (6/15)              Sewer (visited)
 Temple: D:4-7

Altars:
Makhleb
Wu Jian


Innate Abilities, Weirdness & Mutations

You are a hulking beast.
Your limbs bulge with bestial killing power. (Slay +2)
You are too large for most types of armour.
You have claws for hands.
Your natural rate of healing is unusually fast.
You are covered in fur. (AC +1)
You have tough skin. (AC +1)


Message History

The orc priest is lightly wounded.
The ufetubus hits you. x2; The orc hits you with a +0 hand axe.
The orc wizard hits you but does no damage.
The orc priest hits you but does no damage.
The orc barely misses you. The ufetubus barely misses you.
The ufetubus hits you.
You scratch the orc priest.
The orc priest is heavily wounded.
The ufetubus hits you. The ufetubus barely misses you.
The orc hits you with a +0 hand axe. The orc wizard barely misses you.
The orc priest hits you with a +0 dagger.
The orc hits you with a +0 dagger.
You claw the orc priest!
You kill the orc priest!
The ufetubus barely misses you. x2
The orc wizard gestures at you while chanting.
The magic dart hits you! The orc hits you but does no damage.
The orc hits you with a +0 hand axe.
* * * LOW HITPOINT WARNING * * *
You claw the orc wizard!
You kill the orc wizard!
The ufetubus barely misses you. The ufetubus closely misses you.
The orc hits you with a +0 dagger.
* * * LOW HITPOINT WARNING * * *
The ufetubus hits you.
* * * LOW HITPOINT WARNING * * *
The ufetubus hits you.
* * * LOW HITPOINT WARNING * * *
The orc hits you with a +0 hand axe.
* * * LOW HITPOINT WARNING * * *
You closely miss the orc. The ufetubus hits you.
* * * LOW HITPOINT WARNING * * *
The ufetubus closely misses you. The orc hits you but does no damage.
The orc barely misses you.
You miss the ufetubus. The ufetubus hits you.
* * * LOW HITPOINT WARNING * * *
The ufetubus misses you. The orc hits you with a +0 dagger.
* * * LOW HITPOINT WARNING * * *
The orc hits you with a +0 hand axe.
You die...

##...### #.
##...## #..
##...##
...####...##
.........##
........##
........#
#.....o5#
##....oh#
#....))#
#......#
#.......#
........#
........#
.........
...".....


You could see an ufetubus and 2 orcs.

Vanquished Creatures
  A phantom (D:4)
  A bullfrog (D:6)
  A scorpion (D:4)
  A hound (D:4)
  An orc priest (D:5)
  An iguana (D:4)
  An orc wizard (D:5)
  A hell rat (Sewer)
  3 gnolls (D:4)
  2 river rats (Sewer)
  2 adders
  An ufetubus (D:5)
  2 worms
  2 dart slugs (D:2)
  9 orcs
  5 ball pythons
  3 endoplasms
  A giant cockroach (D:3)
  6 goblins
  4 hobgoblins
  7 jackals
  A quokka (D:1)
  5 bats
  5 frilled lizards
  9 kobolds
  15 rats
90 creatures vanquished.

Vanquished Creatures (others)
  3 orcs (D:4)
3 creatures vanquished.

Grand Total: 93 creatures vanquished

Notes
Turn   | Place    | Note
-------+----------+-------------------------------------------
     0 | D:1      | Persephone the Troll Shapeshifter began the quest for the
                  | Orb.
     0 | D:1      | Reached XP level 1. HP: 18/18 MP: 0/0
   117 | D:1      | Reached skill level 1 in Fighting
   158 | D:1      | Reached XP level 2. HP: 26/27 MP: 1/1
  1036 | D:2      | Reached XP level 3. HP: 33/33 MP: 2/2
  1163 | D:2      | Identified the ring of Vulyd {rElec Dex+6 SInv}
  1621 | D:3      | Reached skill level 4 in Unarmed Combat
  1950 | D:3      | Reached XP level 4. HP: 41/41 MP: 3/3
  1955 | D:3      | Found a glowing drain.
  1987 | Sewer    | Entered a sewer
  2608 | D:4      | Reached XP level 5. HP: 36/49 MP: 4/4
  2768 | D:4      | Reached skill level 5 in Unarmed Combat
  2778 | D:4      | Reached XP level 6. HP: 23/59 MP: 5/5
  2871 | D:4      | Found a burning altar of Makhleb.
  2871 | D:4      | You fall into a shaft and drop 2 floors!
  2871 | D:6      | Found an ornate altar of the Wu Jian Council.
  2893 | D:5      | Entered Level 5 of the Dungeon
  2972 | D:5      | Slain by an orc

Illustrated notes

Levels and vault maps discovered:
D:1:      lightli_arrival_flooded_house, layout_basic
D:2:      layout_loops_ring
D:3:      layout_basic, cheibrodos_sewer_entry_drain, grunt_ministairs_9,
          serial_bayou_lagoon_b
D:4:      layout_loops_cross, fiery_altar_vehumet,
          mainiacjoe_overflow_cross_hatched, uniq_ijyb
D:5:      layout_layer_cave, serial_shops, nicolae_shop_tiny_waterfront
D:6:      layout_basic, nicolae_wu_jian_wuxing_cycle,
          mainiacjoe_overflow_chevrons, overflow_temple_1_default,
          nicolae_uskayaw_en_pointe, minmay_a_box_with_orc_wizards_in_it

Skill      XL: |  1  2  3  4  5 |
---------------+----------------+-----
Fighting       | 1 2 |  2.9
Unarmed Combat | 4 5 |  5.9
Shapeshifting  | 4 |  4.4
Dodging        | |  1.5

Action                     |  1- 3 |  4- 6 || total
---------------------------+-------+-------++-------
  Melee: Unarmed           |    94 |   115 ||   209
         Punch             |     1 |     3 ||     4
    Use: Potion            |       |     2 ||     2
   Stab: Sleeping          |     1 |       ||     1
 Armour: Animal skin       |    55 |    98 ||   153
  Dodge: Dodged            |    36 |    49 ||    85

Table legend: (Time is in decaauts)
 A = Elapsed time spent in this place.
 B = Non-inter-level travel time spent in this place.
 C = Inter-level travel time spent in this place.
 D = Time resting spent in this place.
 E = Time spent auto-exploring this place.
 F = Levels seen in this place.
 G = Mean time per level.
                   A        B        C        D        E       F      G
               +--------+--------+--------+--------+--------+-----+--------+
         Total |   2953 |   2836 |    117 |      0 |   2337 |   7 |  421.9 |
       Dungeon |   2839 |   2722 |    117 |      0 |   2275 |   6 |  473.2 |
         Sewer |    113 |    113 |      0 |      0 |     62 |   1 |  113.0 |
               +--------+--------+--------+--------+--------+-----+--------+

Top non-repeatable levels by time:
     D:3: 894 daAuts
     D:1: 873 daAuts
     D:2: 684 daAuts
     D:4: 287 daAuts
   Sewer: 113 daAuts
     D:5: 77 daAuts
     D:6: 21 daAuts
